 Dungeon Crawl Stone Soup version 0.31-a0-986-g5e6e4ef867 (webtiles) character file.

Game seed: 3770354506011871047

102 wildpjah the Slasher (level 4, -10/33 HPs)
             Began as a Demonspawn Gladiator on Nov 22, 2023.
             Was an Initiate of Dithmenos.
             Killed from afar by Ijyb (12 damage)
             ... with a puff of flame
             ... on level 3 of the Dungeon.
             The game lasted 00:04:22 (1779 turns).

wildpjah the Slasher (Demonspawn Gladiator)         Turns: 1779, Time: 00:04:22

Health: -10/33     AC:  7    Str: 14    XL:     4   Next: 50%
Magic:  4/4        EV: 16    Int: 16    God:    Dithmenos [......]
Gold:   113        SH:  0    Dex: 16    Spells: 3/3 levels left

rFire   . . .        a - +0 long sword
rCold   . . .        (no shield)
rNeg    . . .        b - +0 leather armour
rPois   .            c - +0 helmet
rElec   .            (no cloak)
rCorr   .            g - +2 pair of gloves
SInv    .            (no boots)
Will    .....        (no amulet)
Stlth   +            i - +6 ring of intelligence
HPRegen 0.25/turn    (no ring)
MPRegen 0.18/turn

%: no passive effects
@: no status effects
A: repulsion field 2, magic regeneration
a: Renounce Religion


You were on level 3 of the Dungeon.
You worshipped Dithmenos.
Dithmenos was noncommittal.
You visited 1 branch of the dungeon, and saw 3 of its levels.

You collected 113 gold pieces.

Inventory:

Hand Weapons
 a - a +0 long sword (weapon)
Missiles
 d - 2 throwing nets (quivered)
 e - a javelin
Armour
 b - a +0 leather armour (worn)
 c - a +0 helmet (worn)
 g - a +2 pair of gloves (worn)
Jewellery
 i - a +6 ring of intelligence (left hand)
 p - a ring of protection from fire
Scrolls
 h - a scroll of enchant weapon {unknown}
 j - 2 scrolls of vulnerability {unknown}
 m - 5 scrolls of identify {unknown}
 q - a scroll of amnesia {unknown}
 r - a scroll of blinking {unknown}
Potions
 f - a potion of resistance {unknown}
 k - 2 potions of brilliance {unknown}
 l - a potion of lignification {unknown}
 n - a potion of magic {unknown}
 o - a potion of invisibility {unknown}


   Skills:
 + Level 2.3 Fighting
 + Level 4.0 Long Blades
 + Level 1.9 Throwing
 + Level 0.5 Armour
 + Level 3.4 Dodging


You had 3 spell levels left.
You didn't know any spells.
Your spell library was empty.

Dungeon Overview and Level Annotations

Branches:
Dungeon (3/15)

Altars:
Dithmenos

Annotations:
D:3 Ijyb


Innate Abilities, Weirdness & Mutations

You are surrounded by a moderate repulsion field. (EV +3)
You regenerate magic rapidly.


Message History

A goblin comes into view. It is wielding a +0 dagger.
The goblin shouts!
Ijyb the Twisted Goblin comes into view.
She is wielding a +0 club and carrying a wand of flame.
A goblin comes into view. It is wielding a +0 dagger.
There is a large open door here.
The goblin shouts!
You closely miss the goblin. The goblin hits you but does no damage.
You hit the goblin.
You kill the goblin!
Dithmenos accepts your kill.
Ijyb zaps a wand.
The puff of flame hits you.
Ijyb zaps a wand.
The puff of flame hits you!
Ijyb zaps a wand.
The puff of flame hits you.
Things that are here:
a +0 dagger; a goblin corpse You barely miss Ijyb.
Ijyb zaps a wand.
The puff of flame hits you but does no damage.
You hit Ijyb but do no damage. Ijyb hits you with a +0 club.
Ijyb hits you but does no damage.
You hit Ijyb but do no damage. You closely miss Ijyb.
Ijyb zaps a wand.
The puff of flame hits you!
* * * LOW HITPOINT WARNING * * *
The goblin hits you but does no damage.
Throw: 3 throwing nets
Press: ? - help, Q - select action, (/) - cycle Shift-Dir - straight line, f - Ijyb
Aim: Ijyb, wielding a +0 club, wearing a +0 leather armour and carrying a wand of flame (50% to hit)
You throw a throwing net. The throwing net hits Ijyb.
Ijyb is caught in the net!
Ijyb struggles against the net.
The goblin completely misses you.
You slash the goblin!
You kill the goblin!
Dithmenos accepts your kill.
Ijyb struggles against the net.
You hit Ijyb.
Ijyb is lightly wounded.
Ijyb struggles against the net.
You hit Ijyb.
Ijyb is moderately wounded.
Ijyb zaps a wand.
The puff of flame hits you!
You die...

##+##.....##+##..≈≈.
#...#.....# ..≈≈
#...#.))..#
...#.....#
##'##.....##+
#............
#............
#...##########
#..@#.......
#..g).......
#...'.......
############


You could see Ijyb (caught).

Vanquished Creatures
  4 adders (D:2)
  2 dart slugs
  5 endoplasms (D:2)
  3 giant cockroaches
  6 goblins
  6 hobgoblins
  7 jackals
  A quokka (D:2)
  7 ball pythons
  2 bats
  A frilled lizard (D:3)
  7 kobolds
  8 rats
59 creatures vanquished.

Notes
Turn   | Place    | Note
-------+----------+-------------------------------------------
     0 | D:1      | wildpjah the Demonspawn Gladiator began the quest for the
                  | Orb.
     0 | D:1      | Reached XP level 1. HP: 16/16 MP: 1/1
   249 | D:1      | Gained mutation: You are surrounded by a mild repulsion
                  | field. (EV +2) [demonic ancestry]
   249 | D:1      | Reached XP level 2. HP: 12/22 MP: 2/2
   251 | D:1      | Reached skill level 3 in Long Blades
   789 | D:2      | Gained mutation: You regenerate magic rapidly. [demonic
                  | ancestry]
   789 | D:2      | Reached XP level 3. HP: 27/27 MP: 3/3
  1007 | D:2      | Gained mutation: You are surrounded by a moderate repulsion
                  | field. (EV +3) [demonic ancestry]
  1007 | D:2      | Reached XP level 4. HP: 32/33 MP: 4/4
  1157 | D:2      | Reached skill level 4 in Long Blades
  1289 | D:2      | Found a shadowy altar of Dithmenos.
  1297 | D:2      | Became a worshipper of Dithmenos the Shadowed
  1760 | D:3      | Noticed Ijyb
  1775 | D:3      | HP: 1/33 [Ijyb/puff of flame (11)]
  1779 | D:3      | Killed from afar by Ijyb

Illustrated notes

Levels and vault maps discovered:
D:1:      matt_arrival_los_fun, layout_basic
D:2:      cheibrodos_helix_gallery, layout_basic, basic_altar
D:3:      kennysheep_goblin_castle, layout_loops_ring, serial_park_tiny_2

Skill      XL: |  1  2  3  4 |
---------------+-------------+-----
Long Blades    | 3 4 |  4.0
Dodging        | 3 |  3.4
Fighting       | |  2.3
Throwing       | |  1.9
Armour         | |  0.5

Action                     |  1- 3 |  4- 6 || total
---------------------------+-------+-------++-------
  Melee: Long sword        |   121 |    58 ||   179
         Punch             |     1 |     1 ||     2
  Throw: Throwing net      |       |     1 ||     1
 Armour: Leather armour    |    66 |    38 ||   104
  Dodge: Dodged            |   104 |    40 ||   144

Table legend: (Time is in decaauts)
 A = Elapsed time spent in this place.
 B = Non-inter-level travel time spent in this place.
 C = Inter-level travel time spent in this place.
 D = Time resting spent in this place.
 E = Time spent auto-exploring this place.
 F = Levels seen in this place.
 G = Mean time per level.
                   A        B        C        D        E       F      G
               +--------+--------+--------+--------+--------+-----+--------+
         Total |   1818 |   1787 |     31 |      6 |   1319 |   3 |  606.0 |
       Dungeon |   1818 |   1787 |     31 |      6 |   1319 |   3 |  606.0 |
               +--------+--------+--------+--------+--------+-----+--------+

Top non-repeatable levels by time:
     D:2: 836 daAuts
     D:1: 781 daAuts
     D:3: 200 daAuts
